 Dungeon Crawl Stone Soup version 0.30-a0-169-g06f667207d (webtiles) character file.

Game seed: 13209658294168668294

85275 qw the Peltast (level 15, -4/94 HPs)
             Began as a Gargoyle Fighter on Sept 29, 2022.
             Was a High Priest of Okawaru.
             Slain by an orc knight
             ... wielding a +0 great mace
              (26 damage)
             ... on level 1 of the Orcish Mines.
             The game lasted 00:10:16 (24989 turns).

qw the Peltast (Gargoyle Fighter)                  Turns: 24989, Time: 00:10:17

Health: -4/94      AC: 34    Str: 31    XL:     15   Next: 83%
Magic:  20/22      EV: 10    Int: 11    God:    Okawaru [*****.]
Gold:   1659       SH: 20    Dex:  9    Spells: 14/14 levels left

rFire   + . .      SeeInvis .    a - +1 broad axe (vamp)
rCold   . . .      Faith    .    v - +0 tower shield
rNeg    + . .      Spirit   .    b - +0 plate armour
rPois   inf        Reflect  .    c - +0 helmet
rElec   +          Harm     .    w - scarf {repulsion}
rCorr   .          Rampage  .    l - +1 pair of gloves
Will    +....                    e - +0 pair of boots
Stlth   ..........               (no amulet)
HPRegen 0.25/turn                r - +6 ring of strength
MPRegen 0.18/turn                C - ring of protection from fire

@: heroic, flying, repel missiles
A: sickness immunity, AC +11, big wings, negative energy resistance 1,
electricity resistance, torment resistance 1, petrification resistance
a: Renounce Religion, Heroism, Finesse, Duel


You were on level 1 of the Orcish Mines.
You worshipped Okawaru.
Okawaru was extremely pleased with you.
You visited 4 branches of the dungeon, and saw 22 of its levels.
You also visited: Gauntlet.

You collected 2216 gold pieces.
You spent 557 gold pieces at shops.


Innate Abilities, Weirdness & Mutations

You are immune to sickness and miasma.
Your stone body is resilient. (AC +11)
You are immune to poison.
Your large and strong wings let you fly.
You resist negative energy. (rN+)
You are resistant to electric shocks. (rElec)
You are resistant to unholy torment.
You are immune to petrification.


   Skills:
 - Level 11.0(16.0) Fighting
 - Level 15.0(20.0) Axes
 - Level 6.0(11.0) Throwing
 + Level 10.8(15.8) Armour
 - Level 3.0(8.0) Dodging
 - Level 16.0(21.0) Shields
 - Level 10.0 Invocations


You had 14 spell levels left.
You didn't know any spells.
Your spell library was empty.

Inventory:

Hand Weapons
 a - a +1 vampiric broad axe (weapon)
 m - the +6 eveningstar "Kuokkoab" {spect, rC- Will+ Dex+2}
   (You acquired it on level 3 of the Lair of Beasts)

   When its wielder attacks, the weapon's spirit leaps out and strikes again.
   The spirit shares a part of any damage it takes with its wielder.
   Dex:       It affects your dexterity (+2).
   rC:        It makes you vulnerable to cold.
   Will:      It increases your willpower.
Missiles
 u - 9 boomerangs
 x - a boomerang of dispersal
 z - 2 silver javelins (quivered)
 A - a javelin
Armour
 b - a +0 plate armour (worn)
 c - a +0 helmet (worn)
 e - a +0 pair of boots (worn)
 g - the +0 scale mail "Siyliyra" {rCorr Dex+3}
   (Okawaru gifted it to you on level 2 of the Lair of Beasts)

   Dex:       It affects your dexterity (+3).
   rCorr:     It protects you from acid and corrosion.
 l - a +1 pair of gloves (worn)
 v - a +0 tower shield (worn)
 w - a scarf of repulsion (worn)
Jewellery
 r - a +6 ring of strength (left hand)
 y - a ring of fire
 C - a ring of protection from fire (right hand)
 Y - a ring of willpower
Scrolls
 j - 8 scrolls of identify
 o - 3 scrolls of brand weapon
 p - 11 scrolls of teleportation
Potions
 d - 4 potions of might
 f - 9 potions of curing
 h - 10 potions of lignification
 i - 7 potions of heal wounds
 k - 4 potions of magic
 n - 3 potions of attraction
 q - 4 potions of resistance
 s - 2 potions of haste
 t - 3 potions of mutation

Dungeon Overview and Level Annotations

Branches:
Dungeon (15/15)            Temple (1/1) D:6            Lair (5/5) D:10
  Swamp (0/4) Lair:3       Spider (0/4) Lair:3        Slime (0/5) Lair:4
    Orc (1/2) D:10         Vaults (0/5) D:13         Depths (0/4) D:15
Gauntlet (visited)

Altars:
Ashenzari
Cheibriados
Dithmenos
Elyvilon
Fedhas
Gozag
Hepliaklqana
Kikubaaqudgha
Makhleb
Nemelex Xobeh
Okawaru
Qazlal
Ru
Sif Muna
Trog
Uskayaw
Vehumet
Wu Jian
Xom
Yredelemnul
Zin
The Shining One
Jiyva

Shops:
D:6 !   D:12 ?

Portals:
Trove: D:11 (give horn of Geryon)

Annotations:
D:3 1 runed translucent door, qw's ghost, amateur GrFi
D:5 1 runed translucent door, qw's ghost, amateur GrFi
D:13 2 transporters, Vext's ghost, journeyman SpEn
Lair:2 1 runed translucent door, qw's ghost, journeyman GrFi
Lair:4 1 runed translucent door


Message History

You closely miss the orc warrior.
The orc warrior is severely wounded.
You hit the orc knight. You closely miss the orc warrior.
You block the orc warrior's attack. x2
The orc knight hits you but does no damage.
You closely miss the orc warrior.
The orc warrior is severely wounded.
You hit the orc knight but do no damage.
You slice the orc warrior!!
You feel better.
The orc warrior hits you but does no damage.
You block the orc knight's attack.
You closely miss the orc warrior.
The orc warrior is severely wounded.
You slash the orc knight! You hit the orc knight.
You block the orc warrior's attack.
The orc knight hits you with a +1 battleaxe of flaming.
The orc knight burns you.
You slice the orc warrior!!
You feel better.
You kill the orc warrior!
Okawaru accepts your kill.
You hit the orc knight but do no damage.
You slash the orc knight!
You feel better.
You slash the orc knight!
The orc knight is severely wounded.
You hit the orc knight but do no damage.
You block the orc knight's attack. x2
You barely miss the orc knight.
The orc knight is severely wounded.
You barely miss the orc warrior.
You hit the orc knight but do no damage.
You feel like a meek peon again. You block the orc warrior's attack.
The orc knight hits you with a +1 battleaxe of flaming!
The orc knight burns you.
The orc knight hits you with a +0 great mace!
24989 ||| INVOKING Heroism.
You gain the combat prowess of a mighty hero.
The orc warrior hits you with a +0 war axe!!
The orc knight hits you with a +0 great mace!!
You die...

...............#
...............# .#
.........##...## .#
....#.....#....# ..#
#.............## ..#
....##....##.#.# ..(
..#..##...###..###o##
.......#.## ##)#)oo.#
.#......## #.))@)o#
###......# #)))oo.#
.......# #......##
#..##.## ##.#.### ##
#####


You could see 2 orc knights, 2 orc warriors, an orc priest (strong) and an orc
(strong).

Vanquished Creatures
  Jorgrun (Orc:1)
  Frances (D:13)
  Kirke (Lair:4)
  Nessos (Lair:5)
  A dire elephant (D:15)
  A minotaur (Gauntlet)
  Snorg (D:11)
  Erolcha (D:11)
  5 vault guards (D:13)
  5 hydras
  A catoblepas (Lair:3)
  6 centaur warriors
  4 two-headed ogres
  5 boulder beetles
  A tengu warrior (D:13)
  Erica (Lair:1)
  An orc high priest (Orc:1)
  Lodul (D:13)
  6 orc knights
  A lindwurm (shapeshifter) (D:13)
  A deep elf pyromancer (D:15)
  4 cyclopes
  An orc sorcerer (D:15)
  9 ugly things
  An oklob plant (Lair:5)
  5 manticores
  8 black mambas
  Joseph (Lair:1)
  10 elephants
  A smoke demon (Gauntlet)
  A naga mage (D:15)
  4 torpor snails (Lair:2)
  A cane toad (shapeshifter) (D:15)
  16 cane toads
  A rime drake (shapeshifter) (D:15)
  A rime drake (Lair:1)
  An efreet (D:13)
  2 freezing wraiths
  5 komodo dragons
  6 trolls
  3 hornets
  3 meliai (D:13)
  4 tyrant leeches
  A polar bear (Lair:2)
  35 blink frogs
  A raiju (Gauntlet)
  14 slime creatures
  8 shadows
  A vampire (D:12)
  3 wraiths
  Eustachio (D:6)
  29 yaks
  3 wyverns
  A yak (shapeshifter) (D:14)
  6 humans
  6 hogs (Lair:4)
  3 basilisks (Lair:5)
  2 steam dragons
  13 vampire mosquitoes
  An acid dragon (D:11)
  13 water moccasins
  Duvessa (D:4)
  A swamp drake (shapeshifter) (D:15)
  4 black bears
  21 orc warriors
  A sky beast (D:6)
  11 ogres
  4 boggarts (D:14)
  8 centaurs
  2 kobold brigands
  3 gnoll sergeants
  20 bullfrogs
  9 necrophages
  2 scorpions (D:5)
  4 wights (D:9)
  Dowan (D:4)
  6 howler monkeys
  10 electric eels
  2 crimson imps (Gauntlet)
  3 hounds
  7 orc priests
  3 jellies
  2 gnoll boudas
  16 orc wizards
  7 iguanas
  29 gnolls
  17 adders
  A white imp (D:6)
  An ufetubus (D:5)
  A worm (D:2)
  2 dart slugs (D:1)
  53 orcs
  8 ball pythons
  9 endoplasms
  5 giant cockroaches
  9 goblins
  9 hobgoblins
  4 jackals (D:3)
  2 quokkas
  4 bats
  4 frilled lizards
  17 kobolds
  7 rats
  A butterfly (Lair:1)
606 creatures vanquished.

Vanquished Creatures (others)
  A vault guard (D:13)
  A human (D:13)
  A goblin (D:5)
  A bush (D:8)
  8 fungi
  87 plants
99 creatures vanquished.

Grand Total: 705 creatures vanquished

Notes
Turn   | Place    | Note
-------+----------+-------------------------------------------
     0 | D:1      | qw the Gargoyle Fighter began the quest for the Orb.
     0 | D:1      | Reached XP level 1. HP: 14/14 MP: 1/1
     0 | D:1      | 0 ||| qw: Version: 0.2-a-12-gaebbb33
     0 | D:1      | 0 ||| qw: Game counter: 1309
     0 | D:1      | 0 ||| qw: Always use a shield: true
     0 | D:1      | 0 ||| qw: God list: Okawaru
     0 | D:1      | 0 ||| qw: Allow faded altars: false
     0 | D:1      | 0 ||| qw: Do Orc after D:15 true
     0 | D:1      | 0 ||| qw: Do second Lair branch before Depths: true
     0 | D:1      | 0 ||| qw: Lair rune preference: random
     0 | D:1      | 0 ||| qw: Plans: Normal, Zot:1-4, God:TSO, Crypt, Tomb,
                  | Pan, Slime:5, Hells, Abyss, Orb
     0 | D:1      | 0 ||| PLANNING D:1-11
    28 | D:1      | 28 ||| Stepping ~*~*~tactically~*~*~ (stealth).
    29 | D:1      | 29 ||| Stepping ~*~*~tactically~*~*~ (stealth).
    64 | D:1      | 64 ||| Stepping ~*~*~tactically~*~*~ (stealth).
   155 | D:1      | Found a faded altar of an unknown god.
   185 | D:1      | 185 ||| Stepping ~*~*~tactically~*~*~ (hiding).
   187 | D:1      | 187 ||| Stepping ~*~*~tactically~*~*~ (hiding).
   195 | D:1      | Reached XP level 2. HP: 19/19 MP: 2/2
   655 | D:1      | Reached skill level 3 in Axes
   712 | D:1      | Reached XP level 3. HP: 23/23 MP: 3/3
   919 | D:1      | 919 ||| Stepping ~*~*~tactically~*~*~ (stealth).
   921 | D:1      | 921 ||| Stepping ~*~*~tactically~*~*~ (stealth).
   987 | D:1      | 987 ||| Stepping ~*~*~tactically~*~*~ (stealth).
   988 | D:1      | 988 ||| Stepping ~*~*~tactically~*~*~ (stealth).
  1134 | D:1      | 1134 ||| UPGRADING to +0 pair of boots.
  1139 | D:1      | 1139 ||| DROPPING ring of flight.
  1140 | D:1      | 1140 ||| READING scroll labelled KUSHAIM HIUKU.
  1141 | D:1      | 1141 ||| READING scroll labelled VARHUE NAWAQ.
  1142 | D:1      | 1142 ||| READING scroll labelled LYDEGUNEMU.
  1143 | D:1      | 1143 ||| DRINKING 2 yellow potions.
  1201 | D:2      | 1201 ||| STAIRDANCE
  1276 | D:2      | 1276 ||| STAIRDANCE
  1374 | D:2      | Reached XP level 4. HP: 28/28 MP: 4/4
  1392 | D:2      | 1392 ||| Stepping ~*~*~tactically~*~*~ (stealth).
  1393 | D:2      | 1393 ||| Stepping ~*~*~tactically~*~*~ (stealth).
  1737 | D:2      | 1737 ||| DROPPING +0 whip.
  1815 | D:2      | 1815 ||| Stepping ~*~*~tactically~*~*~ (stealth).
  1817 | D:2      | 1817 ||| Stepping ~*~*~tactically~*~*~ (stealth).
  1843 | D:2      | Reached XP level 5. HP: 26/32 MP: 5/5
  2285 | D:2      | 2285 ||| UPGRADING to +0 kite shield.
  2295 | D:2      | 2295 ||| DROPPING +0 buckler.
  2296 | D:2      | 2296 ||| UPGRADING to +0 pair of gloves.
  2301 | D:2      | 2301 ||| READING scroll labelled WUNOBO DIRUSIF.
  2302 | D:2      | 2302 ||| READING scroll labelled ROJITU KUHANO.
  2475 | D:3      | 2475 ||| Stepping ~*~*~tactically~*~*~ (stealth).
  2476 | D:3      | 2476 ||| Stepping ~*~*~tactically~*~*~ (stealth).
  2717 | D:3      | Found a runed translucent door.
  2835 | D:3      | Reached skill level 4 in Shields
  2852 | D:3      | 2852 ||| Stepping ~*~*~tactically~*~*~ (stealth).
  2853 | D:3      | 2853 ||| Stepping ~*~*~tactically~*~*~ (stealth).
  2859 | D:3      | 2859 ||| Stepping ~*~*~tactically~*~*~ (stealth).
  2868 | D:3      | 2868 ||| Stepping ~*~*~tactically~*~*~ (stealth).
  2874 | D:3      | 2874 ||| Stepping ~*~*~tactically~*~*~ (stealth).
  3147 | D:3      | Noticed qw's ghost (amateur GrFi)
  3149 | D:3      | 3149 ||| READING scroll labelled HOIRAR XUBBA.
  3153 | D:3      | 3153 ||| DRINKING 2 fuming emerald potions.
  3154 | D:3      | 3154 ||| DRINKING 2 fuming orange potions.
  3178 | D:3      | 3178 ||| DRINKING 2 viscous inky potions.
  3279 | D:3      | 3279 ||| READING 2 scrolls of identify.
  3279 | D:3      | 3279 ||| IDENTIFYING black potion
  3280 | D:3      | 3280 ||| DROPPING potion of degeneration.
  3281 | D:3      | 3281 ||| DROPPING potion of ambrosia.
  3332 | D:4      | Reached XP level 6. HP: 37/37 MP: 6/6
  3360 | D:4      | 3360 ||| Stepping ~*~*~tactically~*~*~ (stealth).
  3364 | D:4      | Reached skill level 5 in Shields
  3472 | D:4      | Noticed Duvessa
  3474 | D:4      | 3474 ||| Stepping ~*~*~tactically~*~*~ (stealth).
  3477 | D:4      | 3477 ||| Stepping ~*~*~tactically~*~*~ (stealth).
  3483 | D:4      | Noticed Dowan
  3484 | D:4      | Killed Duvessa
  3485 | D:4      | 3485 ||| Stepping ~*~*~tactically~*~*~ (hiding).
  3486 | D:4      | 3486 ||| Stepping ~*~*~tactically~*~*~ (hiding).
  3487 | D:4      | 3487 ||| Stepping ~*~*~tactically~*~*~ (hiding).
  3488 | D:4      | 3488 ||| Stepping ~*~*~tactically~*~*~ (hiding).
  3492 | D:4      | Killed Dowan
  3570 | D:4      | Reached XP level 7. HP: 42/42 MP: 7/7
  3576 | D:4      | 3576 ||| DRINKING 2 potions of curing.
  3576 | D:4      | 3576 ||| (to cure confusion)
  3675 | D:4      | 3675 ||| Stepping ~*~*~tactically~*~*~ (hiding).
  3677 | D:4      | 3677 ||| Stepping ~*~*~tactically~*~*~ (hiding).
  3686 | D:4      | 3686 ||| Stepping ~*~*~tactically~*~*~ (hiding).
  3776 | D:4      | Found a sacrificial altar of Ru.
  3786 | D:4      | 3786 ||| Stepping ~*~*~tactically~*~*~ (stealth).
  3973 | D:4      | Found a hide-covered altar of Uskayaw.
  3974 | D:4      | Found a snail-covered altar of Cheibriados.
  4051 | D:4      | 4051 ||| READING scroll labelled NERHAT DUAZIL.
  4052 | D:4      | 4052 ||| READING scroll labelled ZIABAI BARAU.
  4084 | D:5      | Entered Level 5 of the Dungeon
  4105 | D:5      | Reached skill level 6 in Axes
  4133 | D:5      | Reached skill level 1 in Dodging
  4136 | D:5      | Found a shimmering altar of Xom.
  4267 | D:5      | Found a runed translucent door.
  4284 | D:5      | 4284 ||| Stepping ~*~*~tactically~*~*~ (hiding).
  4285 | D:5      | 4285 ||| Stepping ~*~*~tactically~*~*~ (hiding).
  4343 | D:5      | Reached skill level 6 in Shields
  4348 | D:5      | Reached XP level 8. HP: 48/48 MP: 8/8
  4377 | D:5      | Found an opulent altar of Gozag.
  4453 | D:5      | 4453 ||| Stepping ~*~*~tactically~*~*~ (hiding).
  4460 | D:5      | 4460 ||| Stepping ~*~*~tactically~*~*~ (hiding).
  4835 | D:5      | Noticed qw's ghost (amateur GrFi)
  5181 | D:5      | 5181 ||| DROPPING scarf of harm.
  5182 | D:5      | 5182 ||| UPGRADING to +0 chain mail.
  5192 | D:5      | 5192 ||| DROPPING +0 scale mail.
  5193 | D:5      | 5193 ||| READING scroll labelled HEGUINO HEIT.
  5219 | D:5      | 5219 ||| STAIRDANCE
  5365 | D:6      | Noticed Eustachio
  5374 | D:6      | Killed Eustachio
  5425 | D:6      | Reached skill level 7 in Shields
  5464 | D:6      | 5464 ||| Stepping ~*~*~tactically~*~*~ (hiding).
  5477 | D:6      | Reached skill level 1 in Throwing
  5516 | D:6      | Noticed a two-headed ogre
  5521 | D:6      | Killed a two-headed ogre
  5522 | D:6      | Reached skill level 6 in Armour
  5522 | D:6      | Reached XP level 9. HP: 20/55 MP: 9/9
  5627 | D:6      | 5627 ||| FLEEEEING.
  5628 | D:6      | 5628 ||| FLEEEEING.
  5629 | D:6      | 5629 ||| FLEEEEING.
  5630 | D:6      | 5630 ||| FLEEEEING.
  5631 | D:6      | 5631 ||| FLEEEEING.
  5632 | D:6      | 5632 ||| FLEEEEING.
  5707 | D:6      | 5707 ||| Stepping ~*~*~tactically~*~*~ (stealth).
  5710 | D:6      | 5710 ||| Stepping ~*~*~tactically~*~*~ (stealth).
  5755 | D:6      | 5755 ||| Stepping ~*~*~tactically~*~*~ (stealth).
  5765 | D:6      | Found Osaq's Distillery.
  5774 | D:6      | 5774 ||| BUYING potion of curing (33 gold).
  5774 | D:6      | Bought a potion of curing for 33 gold pieces
  5774 | D:6      | 5774 ||| BUYING potion of lignification (33 gold).
  5774 | D:6      | Bought a potion of lignification for 33 gold pieces
  5774 | D:6      | 5774 ||| BUYING potion of lignification (33 gold).
  5774 | D:6      | Bought a potion of lignification for 33 gold pieces
  5774 | D:6      | 5774 ||| BUYING potion of lignification (33 gold).
  5774 | D:6      | Bought a potion of lignification for 33 gold pieces
  5774 | D:6      | 5774 ||| BUYING potion of resistance (110 gold).
  5774 | D:6      | Bought a potion of resistance for 110 gold pieces
  5915 | D:6      | Found a staircase to the Ecumenical Temple.
  5916 | D:6      | 5916 ||| PLANNING TEMPLE
  5975 | D:6      | 5975 ||| UPGRADING to +0 plate armour.
  5985 | D:6      | 5985 ||| DROPPING +0 chain mail.
  5986 | D:6      | 5986 ||| READING scroll labelled JYIRPH GASY.
  5987 | D:6      | 5987 ||| READING 2 scrolls labelled ATHRUI PAKEXUSE.
  5988 | D:6      | 5988 ||| DROPPING scroll of amnesia.
  5994 | Temple   | Entered the Ecumenical Temple
  6006 | Temple   | 6006 ||| PLANNING OKAWARU WORSHIP
  6172 | Temple   | Became a worshipper of Warmaster Okawaru
  6173 | Temple   | 6173 ||| PLANNING D:1-11
  6348 | D:7      | Found an ornate altar of the Wu Jian Council.
  6579 | D:7      | 6579 ||| Stepping ~*~*~tactically~*~*~ (hiding).
  6586 | D:7      | 6586 ||| Stepping ~*~*~tactically~*~*~ (hiding).
  6592 | D:7      | Reached skill level 6 in Fighting
  6611 | D:7      | Identified the +10 sling of Milil {vorpal, Str+4}
  6795 | D:7      | 6795 ||| Stepping ~*~*~tactically~*~*~ (stealth).
  7027 | D:7      | 7027 ||| READING scroll labelled DIOPPA ZAHIFO.
  7128 | D:7      | 7128 ||| READING scroll labelled BEALLY IRPHASS.
  7129 | D:7      | 7129 ||| READING 2 scrolls of identify.
  7129 | D:7      | 7129 ||| IDENTIFYING red potion
  7130 | D:7      | 7130 ||| DROPPING potion of flight.
  7161 | D:8      | Noticed a troll
  7162 | D:8      | 7162 ||| Stepping ~*~*~tactically~*~*~ (stealth).
  7170 | D:8      | Killed a troll
  7170 | D:8      | Reached * piety under Okawaru
  7171 | D:8      | Reached skill level 8 in Shields
  7445 | D:8      | 7445 ||| Stepping ~*~*~tactically~*~*~ (hiding).
  7447 | D:8      | 7447 ||| Stepping ~*~*~tactically~*~*~ (hiding).
  7453 | D:8      | 7453 ||| INVOKING Heroism.
  7492 | D:8      | 7492 ||| DROPPING +0 flail.
  7800 | D:8      | Reached skill level 1 in Invocations
  8122 | D:8      | 8122 ||| Stepping ~*~*~tactically~*~*~ (hiding).
  8157 | D:8      | 8157 ||| Stepping ~*~*~tactically~*~*~ (hiding).
  8165 | D:8      | Reached XP level 10. HP: 43/60 MP: 11/11
  8503 | D:8      | 8503 ||| READING scroll labelled BIUTAS TIUTHRI.
  8568 | D:8      | 8568 ||| READING 3 scrolls of identify.
  8568 | D:8      | 8568 ||| IDENTIFYING sedimented puce potion
  8569 | D:8      | 8569 ||| READING 2 scrolls of identify.
  8569 | D:8      | 8569 ||| IDENTIFYING fuming sapphire potion
  8594 | D:9      | 8594 ||| INVOKING Heroism.
  8603 | D:9      | Reached skill level 3 in Invocations
  8641 | D:9      | 8641 ||| Stepping ~*~*~tactically~*~*~ (stealth).
  8642 | D:9      | 8642 ||| Stepping ~*~*~tactically~*~*~ (stealth).
  8643 | D:9      | 8643 ||| Stepping ~*~*~tactically~*~*~ (stealth).
  8661 | D:9      | 8661 ||| FLEEEEING.
  8714 | D:9      | 8714 ||| INVOKING Heroism.
  8734 | D:9      | Reached skill level 9 in Axes
  8925 | D:9      | Reached ** piety under Okawaru
  8963 | D:9      | 8963 ||| INVOKING Heroism.
  8986 | D:9      | 8986 ||| Stepping ~*~*~tactically~*~*~ (stealth).
  8989 | D:9      | 8989 ||| Stepping ~*~*~tactically~*~*~ (stealth).
  9079 | D:9      | 9079 ||| INVOKING Heroism.
  9113 | D:9      | 9113 ||| Stepping ~*~*~tactically~*~*~ (stealth).
  9118 | D:9      | Reached skill level 9 in Shields
  9308 | D:9      | Noticed a two-headed ogre
  9309 | D:9      | 9309 ||| INVOKING Heroism.
  9317 | D:9      | Killed a two-headed ogre
  9508 | D:9      | 9508 ||| Stepping ~*~*~tactically~*~*~ (hiding).
  9509 | D:9      | 9509 ||| INVOKING Heroism.
  9720 | D:9      | 9720 ||| UPGRADING to +0 tower shield.
  9730 | D:9      | 9730 ||| DROPPING +0 kite shield.
  9731 | D:9      | 9731 ||| UPGRADING to scarf of repulsion.
  9736 | D:9      | 9736 ||| READING 2 scrolls of identify.
  9736 | D:9      | 9736 ||| IDENTIFYING murky red potion
  9775 | D:10     | Entered Level 10 of the Dungeon
  9806 | D:10     | 9806 ||| INVOKING Heroism.
  9808 | D:10     | Noticed a two-headed ogre
  9817 | D:10     | Killed a two-headed ogre
  9819 | D:10     | Reached skill level 10 in Shields
  9819 | D:10     | Reached XP level 11. HP: 48/67 MP: 12/14
  9984 | D:10     | 9984 ||| INVOKING Heroism.
 10035 | D:10     | Found a staircase to the Lair.
 10195 | D:10     | Reached *** piety under Okawaru
 10200 | D:10     | 10200 ||| FLEEEEING.
 10201 | D:10     | 10201 ||| FLEEEEING.
 10274 | D:10     | 10274 ||| INVOKING Heroism.
 10282 | D:10     | 10282 ||| Stepping ~*~*~tactically~*~*~ (hiding).
 10289 | D:10     | 10289 ||| DRINKING 6 potions of curing.
 10289 | D:10     | 10289 ||| (to cure confusion)
 10336 | D:10     | 10336 ||| Stepping ~*~*~tactically~*~*~ (stealth).
 10337 | D:10     | 10337 ||| Stepping ~*~*~tactically~*~*~ (stealth).
 10423 | D:10     | 10423 ||| Stepping ~*~*~tactically~*~*~ (stealth).
 10425 | D:10     | 10425 ||| Stepping ~*~*~tactically~*~*~ (hiding).
 10430 | D:10     | 10430 ||| INVOKING Heroism.
 10450 | D:10     | 10450 ||| Stepping ~*~*~tactically~*~*~ (stealth).
 10451 | D:10     | 10451 ||| Stepping ~*~*~tactically~*~*~ (stealth).
 10452 | D:10     | 10452 ||| Stepping ~*~*~tactically~*~*~ (stealth).
 10453 | D:10     | 10453 ||| INVOKING Heroism.
 10476 | D:10     | Reached skill level 11 in Shields
 10580 | D:10     | Found a staircase to the Orcish Mines.
 10775 | D:10     | 10775 ||| PLANNING LAIR
 10775 | D:10     | 10775 ||| UPGRADING to +1 hat.
 10780 | D:10     | 10780 ||| READING scroll labelled XIQUIM UCOLAOT.
 10781 | D:10     | 10781 ||| READING 3 scrolls of identify.
 10781 | D:10     | 10781 ||| IDENTIFYING sedimented golden potion
 10782 | D:10     | 10782 ||| READING 2 scrolls of identify.
 10782 | D:10     | 10782 ||| IDENTIFYING coppery potion
 10812 | Lair:1   | Entered Level 1 of the Lair of Beasts
 10813 | Lair:1   | 10813 ||| PLANNING GAUNTLET
 10813 | Lair:1   | 10813 ||| INVOKING Heroism.
 10866 | Lair:1   | Noticed Joseph
 10872 | Lair:1   | 10872 ||| INVOKING Heroism.
 10880 | Lair:1   | Killed Joseph
 11108 | Lair:1   | 11108 ||| Stepping ~*~*~tactically~*~*~ (stealth).
 11154 | Lair:1   | 11154 ||| READING scroll of enchant weapon.
 11154 | Lair:1   | 11154 ||| ENCHANTING +1 spectral war axe.
 11205 | Lair:1   | 11205 ||| INVOKING Heroism.
 11210 | Lair:1   | Reached skill level 12 in Shields
 11275 | Lair:1   | 11275 ||| Stepping ~*~*~tactically~*~*~ (stealth).
 11326 | Lair:1   | 11326 ||| INVOKING Heroism.
 11345 | Lair:1   | Found a gate leading to a gauntlet.
 11354 | Gauntlet | Entered a Gauntlet
 11354 | Gauntlet | Found a transporter.
 11354 | Gauntlet | Found a transporter.
 11355 | Gauntlet | Noticed a sixfirhy
 11359 | Gauntlet | Found a transporter.
 11374 | Gauntlet | Found a transporter.
 11390 | Gauntlet | Found a transporter.
 11403 | Gauntlet | Found a transporter.
 11419 | Gauntlet | Found a transporter.
 11491 | Gauntlet | Found a transporter.
 11506 | Gauntlet | Found a transporter.
 11508 | Gauntlet | Noticed a moth of wrath
 11520 | Gauntlet | Found a transporter.
 11534 | Gauntlet | Found a transporter.
 11544 | Gauntlet | Noticed a moth of wrath
 11626 | Gauntlet | Found a transporter.
 11630 | Gauntlet | Found a transporter.
 11645 | Gauntlet | Found a transporter.
 11653 | Gauntlet | Found a transporter.
 11655 | Gauntlet | Found a transporter.
 11680 | Gauntlet | 11680 ||| INVOKING Heroism.
 11685 | Gauntlet | Reached **** piety under Okawaru
 11686 | Gauntlet | 11686 ||| Stepping ~*~*~tactically~*~*~ (cloud).
 11939 | Gauntlet | 11939 ||| Stepping randomly (stuck).
 11940 | Gauntlet | 11940 ||| Stepping randomly (stuck).
 11941 | Gauntlet | 11941 ||| Stepping randomly (stuck).
 11942 | Gauntlet | 11942 ||| Stepping randomly (stuck).
 11943 | Gauntlet | 11943 ||| Stepping randomly (stuck).
 12013 | Gauntlet | 12013 ||| Stepping randomly (stuck).
 12014 | Gauntlet | 12014 ||| Stepping randomly (stuck).
 12015 | Gauntlet | 12015 ||| Stepping randomly (stuck).
 12016 | Gauntlet | 12016 ||| Stepping randomly (stuck).
 12017 | Gauntlet | 12017 ||| Stepping randomly (stuck).
 12018 | Gauntlet | 12018 ||| Stepping randomly (stuck).
 12019 | Gauntlet | 12019 ||| Stepping randomly (stuck).
 12020 | Gauntlet | 12020 ||| Stepping randomly (stuck).
 12021 | Gauntlet | 12021 ||| Stepping randomly (stuck).
 12022 | Gauntlet | 12022 ||| Stepping randomly (stuck).
 12035 | Gauntlet | 12035 ||| INVOKING Heroism.
 12186 | Gauntlet | 12186 ||| DROPPING +1 hat.
 12243 | Gauntlet | Noticed a minotaur
 12244 | Gauntlet | 12244 ||| INVOKING Heroism.
 12257 | Gauntlet | Killed a minotaur
 12446 | Gauntlet | Identified the +8 sling of Misery {freeze, Int+3 Dex+5}
 12523 | Gauntlet | 12523 ||| DROPPING amulet of magic regeneration.
 12524 | Gauntlet | 12524 ||| READING 2 scrolls of identify.
 12524 | Gauntlet | 12524 ||| IDENTIFYING metallic inky potion
 12525 | Gauntlet | 12525 ||| DROPPING potion of invisibility.
 12550 | Lair:1   | 12550 ||| PLANNING LAIR
 12591 | Lair:1   | 12591 ||| INVOKING Heroism.
 12637 | Lair:1   | Reached skill level 6 in Invocations
 12935 | Lair:1   | Noticed Erica
 12936 | Lair:1   | 12936 ||| INVOKING Heroism.
 12943 | Lair:1   | Killed Erica
 12944 | Lair:1   | Reached skill level 3 in Throwing
 12944 | Lair:1   | Reached XP level 12. HP: 62/72 MP: 14/16
 13174 | Lair:2   | Reached skill level 13 in Shields
 13235 | Lair:2   | Reached ***** piety under Okawaru
 13243 | Lair:2   | 13243 ||| INVOKING Heroism.
 13422 | Lair:2   | 13422 ||| INVOKING Heroism.
 13496 | Lair:2   | 13496 ||| SWAPPING to +0 broad axe.
 13497 | Lair:2   | 13497 ||| DROPPING +2 spectral war axe.
 13498 | Lair:2   | 13498 ||| READING scroll of brand weapon.
 13498 | Lair:2   | 13498 ||| BRANDING +0 broad axe.
 13508 | Lair:2   | 13508 ||| INVOKING Heroism.
 13524 | Lair:2   | 13524 ||| Stepping ~*~*~tactically~*~*~ (water).
 13536 | Lair:2   | 13536 ||| INVOKING Heroism.
 13539 | Lair:2   | Identified the +0 scale mail "Siyliyra" {rCorr Dex+3}
                  | (Okawaru gifted it to you on level 2 of the Lair of Beasts)
 13539 | Lair:2   | Received a gift from Okawaru
 13561 | Lair:2   | 13561 ||| INVOKING Heroism.
 13655 | Lair:2   | 13655 ||| INVOKING Heroism.
 13718 | Lair:2   | 13718 ||| FLEEEEING.
 13719 | Lair:2   | 13719 ||| FLEEEEING.
 13720 | Lair:2   | 13720 ||| FLEEEEING.
 13721 | Lair:2   | 13721 ||| FLEEEEING.
 13722 | Lair:2   | 13722 ||| FLEEEEING.
 13723 | Lair:2   | 13723 ||| FLEEEEING.
 13724 | Lair:2   | 13724 ||| FLEEEEING.
 13725 | Lair:2   | 13725 ||| FLEEEEING.
 13726 | Lair:2   | 13726 ||| FLEEEEING.
 13727 | Lair:2   | 13727 ||| FLEEEEING.
 13728 | Lair:2   | 13728 ||| FLEEEEING.
 13729 | Lair:2   | 13729 ||| FLEEEEING.
 13730 | Lair:2   | 13730 ||| FLEEEEING.
 13731 | Lair:2   | 13731 ||| FLEEEEING.
 13732 | Lair:2   | 13732 ||| FLEEEEING.
 13733 | Lair:2   | 13733 ||| FLEEEEING.
 13734 | Lair:2   | 13734 ||| FLEEEEING.
 13735 | Lair:2   | 13735 ||| FLEEEEING.
 13736 | Lair:2   | 13736 ||| FLEEEEING.
 13737 | Lair:2   | 13737 ||| FLEEEEING.
 13738 | Lair:2   | 13738 ||| FLEEEEING.
 13739 | Lair:2   | 13739 ||| FLEEEEING.
 13740 | Lair:2   | 13740 ||| FLEEEEING.
 13741 | Lair:2   | 13741 ||| FLEEEEING.
 13742 | Lair:2   | 13742 ||| FLEEEEING.
 13743 | Lair:2   | 13743 ||| INVOKING Heroism.
 13815 | Lair:2   | 13815 ||| INVOKING Heroism.
 13840 | Lair:2   | Reached skill level 9 in Invocations
 13906 | Lair:2   | 13906 ||| FLEEEEING.
 13907 | Lair:2   | 13907 ||| FLEEEEING.
 13908 | Lair:2   | 13908 ||| FLEEEEING.
 13909 | Lair:2   | 13909 ||| FLEEEEING.
 13910 | Lair:2   | 13910 ||| FLEEEEING.
 13911 | Lair:2   | 13911 ||| FLEEEEING.
 13912 | Lair:2   | 13912 ||| FLEEEEING.
 13913 | Lair:2   | 13913 ||| FLEEEEING.
 13914 | Lair:2   | 13914 ||| FLEEEEING.
 13915 | Lair:2   | 13915 ||| FLEEEEING.
 13916 | Lair:2   | 13916 ||| FLEEEEING.
 13917 | Lair:2   | 13917 ||| FLEEEEING.
 13918 | Lair:2   | 13918 ||| FLEEEEING.
 13919 | Lair:2   | 13919 ||| FLEEEEING.
 13920 | Lair:2   | 13920 ||| FLEEEEING.
 13921 | Lair:2   | 13921 ||| FLEEEEING.
 13922 | Lair:2   | 13922 ||| INVOKING Heroism.
 13963 | Lair:2   | 13963 ||| INVOKING Heroism.
 13974 | Lair:2   | Found a snail-covered altar of Cheibriados.
 14003 | Lair:2   | 14003 ||| INVOKING Heroism.
 14089 | Lair:2   | Found a runed translucent door.
 14089 | Lair:2   | Noticed qw's ghost (journeyman GrFi)
 14533 | Lair:3   | Noticed a catoblepas
 14534 | Lair:3   | 14534 ||| INVOKING Heroism.
 14535 | Lair:3   | 14535 ||| INVOKING Finesse.
 14537 | Lair:3   | 14537 ||| STAIRDANCE
 14605 | Lair:3   | 14605 ||| STAIRDANCE
 14607 | Lair:2   | 14607 ||| INVOKING Heroism.
 14639 | Lair:3   | 14639 ||| STAIRDANCE
 14641 | Lair:2   | 14641 ||| INVOKING Heroism.
 14677 | Lair:3   | 14677 ||| STAIRDANCE
 14680 | Lair:2   | 14680 ||| INVOKING Heroism.
 14721 | Lair:3   | 14721 ||| INVOKING Finesse.
 14725 | Lair:3   | 14725 ||| INVOKING Heroism.
 14731 | Lair:3   | Killed a catoblepas
 14757 | Lair:3   | 14757 ||| Stepping ~*~*~tactically~*~*~ (stealth).
 14759 | Lair:3   | 14759 ||| Stepping ~*~*~tactically~*~*~ (stealth).
 14809 | Lair:3   | 14809 ||| INVOKING Heroism.
 14892 | Lair:3   | Reached XP level 13. HP: 76/78 MP: 20/20
 14907 | Lair:3   | 14907 ||| INVOKING Heroism.
 14960 | Lair:3   | 14960 ||| INVOKING Heroism.
 14973 | Lair:3   | Found a staircase to the Swamp.
 14977 | Lair:3   | Found a hole to the Spider Nest.
 14992 | Lair:3   | 14992 ||| Stepping ~*~*~tactically~*~*~ (stealth).
 14994 | Lair:3   | 14994 ||| Stepping ~*~*~tactically~*~*~ (stealth).
 15000 | Lair:3   | 15000 ||| INVOKING Heroism.
 15294 | Lair:3   | 15294 ||| INVOKING Heroism.
 15296 | Lair:3   | Reached skill level 9 in Fighting
 15655 | Lair:3   | 15655 ||| READING scroll labelled IMI JUNET GORR.
 15655 | Lair:3   | Identified a scroll of acquirement
 15655 | Lair:3   | 15655 ||| ACQUIRING +6 eveningstar "Kuokkoab" {spect, rC-
                  | Will+ Dex+2}
 15655 | Lair:3   | Acquired the +6 eveningstar "Kuokkoab" {spect, rC- Will+
                  | Dex+2}
 15657 | Lair:3   | 15657 ||| DROPPING +0 morningstar.
 15665 | Lair:4   | 15665 ||| INVOKING Heroism.
 15847 | Lair:4   | Found a runed translucent door.
 15847 | Lair:4   | Found a viscous altar of Jiyva.
 15847 | Lair:4   | Noticed an azure jelly
 15848 | Lair:4   | Found a staircase to the Slime Pits.
 15848 | Lair:4   | Noticed an azure jelly
 16227 | Lair:4   | 16227 ||| Stepping ~*~*~tactically~*~*~ (stealth).
 16231 | Lair:4   | 16231 ||| INVOKING Heroism.
 16338 | Lair:4   | 16338 ||| INVOKING Heroism.
 16349 | Lair:4   | Reached skill level 14 in Shields
 16443 | Lair:4   | 16443 ||| INVOKING Heroism.
 16755 | Lair:4   | 16755 ||| READING scroll labelled FISKYTHECEHUQ.
 16758 | Lair:5   | Entered Level 5 of the Lair of Beasts
 16758 | Lair:5   | Noticed Kirke
 16759 | Lair:5   | 16759 ||| STAIRDANCE
 16761 | Lair:4   | 16761 ||| INVOKING Heroism.
 16786 | Lair:5   | 16786 ||| STAIRDANCE
 16789 | Lair:4   | 16789 ||| DRINKING 3 potions of cancellation.
 16799 | Lair:4   | 16799 ||| INVOKING Heroism.
 16804 | Lair:4   | 16804 ||| DRINKING 2 potions of cancellation.
 16814 | Lair:4   | 16814 ||| DRINKING potion of cancellation.
 16817 | Lair:4   | Killed Kirke
 16822 | Lair:5   | 16822 ||| STAIRDANCE
 16847 | Lair:5   | 16847 ||| INVOKING Heroism.
 16848 | Lair:5   | 16848 ||| STAIRDANCE
 16862 | Lair:5   | 16862 ||| STAIRDANCE
 16872 | Lair:5   | 16872 ||| STAIRDANCE
 16883 | Lair:4   | 16883 ||| INVOKING Heroism.
 16974 | Lair:5   | 16974 ||| STAIRDANCE
 16976 | Lair:4   | 16976 ||| INVOKING Heroism.
 17001 | Lair:5   | 17001 ||| STAIRDANCE
 17014 | Lair:5   | 17014 ||| STAIRDANCE
 17029 | Lair:5   | 17029 ||| STAIRDANCE
 17033 | Lair:4   | 17033 ||| INVOKING Heroism.
 17058 | Lair:5   | 17058 ||| STAIRDANCE
 17070 | Lair:5   | 17070 ||| STAIRDANCE
 17075 | Lair:4   | 17075 ||| INVOKING Heroism.
 17080 | Lair:4   | Reached skill level 12 in Axes
 17143 | Lair:5   | 17143 ||| STAIRDANCE
 17145 | Lair:4   | 17145 ||| INVOKING Heroism.
 17182 | Lair:5   | 17182 ||| STAIRDANCE
 17192 | Lair:5   | 17192 ||| STAIRDANCE
 17264 | Lair:5   | 17264 ||| STAIRDANCE
 17279 | Lair:5   | 17279 ||| STAIRDANCE
 17281 | Lair:4   | 17281 ||| INVOKING Heroism.
 17314 | Lair:5   | 17314 ||| INVOKING Finesse.
 17335 | Lair:5   | 17335 ||| Stepping ~*~*~tactically~*~*~ (stealth).
 17341 | Lair:5   | 17341 ||| Stepping ~*~*~tactically~*~*~ (stealth).
 17343 | Lair:5   | 17343 ||| Stepping ~*~*~tactically~*~*~ (stealth).
 17372 | Lair:5   | Received a gift from Okawaru
 17373 | Lair:5   | 17373 ||| INVOKING Heroism.
 17377 | Lair:5   | 17377 ||| INVOKING Finesse.
 17378 | Lair:5   | 17378 ||| SWAPPING to +6 eveningstar "Kuokkoab" {spect, rC-
                  | Will+ Dex+2}.
 17384 | Lair:5   | 17384 ||| SWAPPING to +0 vampiric broad axe.
 17421 | Lair:5   | 17421 ||| INVOKING Heroism.
 17558 | Lair:5   | 17558 ||| INVOKING Heroism.
 17566 | Lair:5   | Reached skill level 9 in Armour
 17611 | Lair:5   | Noticed Nessos
 17612 | Lair:5   | 17612 ||| INVOKING Finesse.
 17619 | Lair:5   | 17619 ||| Stepping ~*~*~tactically~*~*~ (hiding).
 17621 | Lair:5   | 17621 ||| INVOKING Heroism.
 17624 | Lair:5   | 17624 ||| Stepping ~*~*~tactically~*~*~ (hiding).
 17640 | Lair:5   | Killed Nessos
 17646 | Lair:5   | 17646 ||| Stepping ~*~*~tactically~*~*~ (stealth).
 17651 | Lair:5   | 17651 ||| Stepping ~*~*~tactically~*~*~ (stealth).
 17765 | Lair:5   | 17765 ||| INVOKING Heroism.
 17791 | Lair:5   | 17791 ||| Stepping ~*~*~tactically~*~*~ (hiding).
 17812 | Lair:5   | 17812 ||| INVOKING Heroism.
 17845 | Lair:5   | 17845 ||| Stepping ~*~*~tactically~*~*~ (water).
 17852 | Lair:5   | Gained mutation: Your large and strong wings let you fly.
                  | [Gargoyle growth]
 17852 | Lair:5   | Reached XP level 14. HP: 68/86 MP: 21/21
 17875 | Lair:5   | 17875 ||| INVOKING Heroism.
 17925 | Lair:5   | 17925 ||| INVOKING Heroism.
 17941 | Lair:5   | 17941 ||| INVOKING Heroism.
 17997 | Lair:5   | Identified the +8 trident "Ymnyber" {pain, rF+}
 18148 | Lair:5   | 18148 ||| INVOKING Heroism.
 18353 | Lair:5   | 18353 ||| FLEEEEING.
 18354 | Lair:5   | 18354 ||| FLEEEEING.
 18355 | Lair:5   | 18355 ||| FLEEEEING.
 18356 | Lair:5   | 18356 ||| FLEEEEING.
 18357 | Lair:5   | 18357 ||| FLEEEEING.
 18358 | Lair:5   | 18358 ||| FLEEEEING.
 18359 | Lair:5   | 18359 ||| FLEEEEING.
 18360 | Lair:5   | 18360 ||| FLEEEEING.
 18361 | Lair:5   | 18361 ||| FLEEEEING.
 18362 | Lair:5   | 18362 ||| FLEEEEING.
 18363 | Lair:5   | 18363 ||| FLEEEEING.
 18364 | Lair:5   | 18364 ||| FLEEEEING.
 18365 | Lair:5   | 18365 ||| INVOKING Heroism.
 18366 | Lair:5   | 18366 ||| SWAPPING to +6 eveningstar "Kuokkoab" {spect, rC-
                  | Will+ Dex+2}.
 18370 | Lair:5   | Received a gift from Okawaru
 18371 | Lair:5   | 18371 ||| SWAPPING to +0 vampiric broad axe.
 18586 | Lair:5   | 18586 ||| INVOKING Heroism.
 18767 | Lair:5   | 18767 ||| INVOKING Heroism.
 18769 | Lair:5   | 18769 ||| SWAPPING to +6 eveningstar "Kuokkoab" {spect, rC-
                  | Will+ Dex+2}.
 18773 | Lair:5   | 18773 ||| Stepping ~*~*~tactically~*~*~ (outnumbered).
 18778 | Lair:5   | 18778 ||| SWAPPING to +0 vampiric broad axe.
 18811 | Lair:5   | 18811 ||| PLANNING D:1-11
 18811 | Lair:5   | 18811 ||| UPGRADING to +6 ring of strength.
 18990 | D:11     | 18990 ||| Stepping ~*~*~tactically~*~*~ (hiding).
 19105 | D:11     | Noticed Erolcha
 19106 | D:11     | 19106 ||| Stepping ~*~*~tactically~*~*~ (hiding).
 19107 | D:11     | 19107 ||| Stepping ~*~*~tactically~*~*~ (hiding).
 19109 | D:11     | 19109 ||| Stepping ~*~*~tactically~*~*~ (hiding).
 19113 | D:11     | 19113 ||| INVOKING Heroism.
 19128 | D:11     | Killed Erolcha
 19294 | D:11     | Found a portal to a secret trove of treasure.
 19653 | D:11     | Noticed Snorg
 19654 | D:11     | 19654 ||| INVOKING Heroism.
 19655 | D:11     | 19655 ||| INVOKING Finesse.
 19667 | D:11     | Killed Snorg
 19973 | D:11     | 19973 ||| PLANNING D
 20026 | D:12     | 20026 ||| STAIRDANCE
 20029 | D:11     | 20029 ||| INVOKING Heroism.
 20157 | D:12     | 20157 ||| INVOKING Heroism.
 20172 | D:12     | Reached skill level 15 in Shields
 20178 | D:12     | 20178 ||| Stepping ~*~*~tactically~*~*~ (stealth).
 20205 | D:12     | Received a gift from Okawaru
 20343 | D:12     | 20343 ||| Stepping ~*~*~tactically~*~*~ (stealth).
 20348 | D:12     | 20348 ||| Stepping ~*~*~tactically~*~*~ (stealth).
 20349 | D:12     | 20349 ||| Stepping ~*~*~tactically~*~*~ (stealth).
 20350 | D:12     | 20350 ||| Stepping ~*~*~tactically~*~*~ (stealth).
 20362 | D:12     | 20362 ||| INVOKING Heroism.
 20399 | D:12     | 20399 ||| Stepping ~*~*~tactically~*~*~ (stealth).
 20400 | D:12     | 20400 ||| Stepping ~*~*~tactically~*~*~ (stealth).
 20569 | D:12     | 20569 ||| Stepping ~*~*~tactically~*~*~ (stealth).
 20578 | D:12     | 20578 ||| READING 8 scrolls of teleportation.
 20579 | D:12     | 20579 ||| INVOKING Heroism.
 20583 | D:12     | 20583 ||| INVOKING Finesse.
 20656 | D:12     | Found a stormy altar of Qazlal.
 20662 | D:12     | 20662 ||| Stepping ~*~*~tactically~*~*~ (stealth).
 20664 | D:12     | 20664 ||| Stepping ~*~*~tactically~*~*~ (stealth).
 20666 | D:12     | 20666 ||| Stepping ~*~*~tactically~*~*~ (stealth).
 20667 | D:12     | 20667 ||| Stepping ~*~*~tactically~*~*~ (stealth).
 20668 | D:12     | 20668 ||| INVOKING Heroism.
 20727 | D:12     | 20727 ||| INVOKING Heroism.
 21014 | D:12     | 21014 ||| Stepping ~*~*~tactically~*~*~ (stealth).
 21023 | D:12     | 21023 ||| INVOKING Heroism.
 21045 | D:12     | Found Puonyhic's Magic Scroll Shoppe.
 21055 | D:12     | 21055 ||| BUYING scroll of brand weapon (133 gold).
 21055 | D:12     | Bought a scroll of brand weapon for 133 gold pieces
 21055 | D:12     | 21055 ||| BUYING scroll of identify (28 gold).
 21055 | D:12     | Bought a scroll of identify for 28 gold pieces
 21055 | D:12     | 21055 ||| BUYING scroll of identify (28 gold).
 21055 | D:12     | Bought a scroll of identify for 28 gold pieces
 21055 | D:12     | 21055 ||| BUYING scroll of teleportation (42 gold).
 21055 | D:12     | Bought a scroll of teleportation for 42 gold pieces
 21055 | D:12     | 21055 ||| BUYING scroll of teleportation (42 gold).
 21055 | D:12     | Bought a scroll of teleportation for 42 gold pieces
 21055 | D:12     | 21055 ||| BUYING scroll of teleportation (42 gold).
 21055 | D:12     | Bought a scroll of teleportation for 42 gold pieces
 21432 | D:13     | 21432 ||| INVOKING Heroism.
 21458 | D:13     | Received a gift from Okawaru
 21516 | D:13     | Noticed Lodul
 21516 | D:13     | Noticed Frances
 21517 | D:13     | 21517 ||| INVOKING Heroism.
 21518 | D:13     | 21518 ||| INVOKING Finesse.
 21542 | D:13     | Killed Lodul
 21542 | D:13     | Received a gift from Okawaru
 21587 | D:13     | 21587 ||| INVOKING Finesse.
 21587 | D:13     | HP: 22/88 [something (17)]
 21588 | D:13     | 21588 ||| READING 12 scrolls of teleportation.
 21589 | D:13     | 21589 ||| DRINKING 7 potions of heal wounds.
 21592 | D:13     | Killed Frances
 21592 | D:13     | Received a gift from Okawaru
 21850 | D:13     | Found a transporter.
 21854 | D:13     | Noticed a brown very ugly thing
 21868 | D:13     | Found a transporter.
 21868 | D:13     | Noticed Vext's ghost (journeyman SpEn)
 21870 | D:13     | Noticed a red very ugly thing
 21871 | D:13     | 21871 ||| Stepping ~*~*~tactically~*~*~ (hiding).
 21873 | D:13     | 21873 ||| Stepping ~*~*~tactically~*~*~ (hiding).
 21874 | D:13     | 21874 ||| Stepping ~*~*~tactically~*~*~ (hiding).
 22143 | D:13     | 22143 ||| Stepping ~*~*~tactically~*~*~ (hiding).
 22223 | D:13     | 22223 ||| Stepping ~*~*~tactically~*~*~ (hiding).
 22233 | D:13     | Received a gift from Okawaru
 22234 | D:13     | Reached XP level 15. HP: 94/94 MP: 22/22
 22245 | D:13     | 22245 ||| Stepping ~*~*~tactically~*~*~ (stealth).
 22246 | D:13     | 22246 ||| INVOKING Heroism.
 22247 | D:13     | 22247 ||| Stepping ~*~*~tactically~*~*~ (hiding).
 22293 | D:13     | Reached skill level 16 in Shields
 22317 | D:13     | Found a gate to the Vaults.
 22607 | D:13     | 22607 ||| READING scroll of enchant armour.
 22607 | D:13     | 22607 ||| ENCHANTING +0 pair of gloves.
 22615 | D:13     | 22615 ||| INVOKING Heroism.
 22694 | D:13     | 22694 ||| DROPPING ring of fire.
 22695 | D:13     | 22695 ||| UPGRADING to ring of willpower.
 22696 | D:13     | 22696 ||| UPGRADING to ring of protection from fire.
 22787 | D:14     | 22787 ||| Stepping ~*~*~tactically~*~*~ (hiding).
 22792 | D:14     | 22792 ||| INVOKING Heroism.
 22831 | D:14     | 22831 ||| Stepping ~*~*~tactically~*~*~ (stealth).
 22834 | D:14     | 22834 ||| INVOKING Heroism.
 22838 | D:14     | 22838 ||| INVOKING Finesse.
 22839 | D:14     | 22839 ||| SWAPPING to +6 eveningstar "Kuokkoab" {spect, rC-
                  | Will+ Dex+2}.
 22840 | D:14     | 22840 ||| Stepping ~*~*~tactically~*~*~ (outnumbered).
 22841 | D:14     | 22841 ||| Stepping ~*~*~tactically~*~*~ (outnumbered).
 22842 | D:14     | 22842 ||| Stepping ~*~*~tactically~*~*~ (outnumbered).
 22846 | D:14     | 22846 ||| Stepping ~*~*~tactically~*~*~ (outnumbered).
 22850 | D:14     | 22850 ||| SWAPPING to +0 vampiric broad axe.
 22855 | D:14     | Received a gift from Okawaru
 23085 | D:14     | 23085 ||| INVOKING Heroism.
 23166 | D:14     | 23166 ||| Stepping ~*~*~tactically~*~*~ (hiding).
 23174 | D:14     | Reached ****** piety under Okawaru
 23175 | D:14     | Reached skill level 6 in Throwing
 23312 | D:14     | 23312 ||| Stepping ~*~*~tactically~*~*~ (stealth).
 23324 | D:14     | Identified the +0 kite shield "Ecab" {rElec} (Okawaru
                  | gifted it to you on level 14 of the Dungeon)
 23324 | D:14     | Received a gift from Okawaru
 23386 | D:14     | 23386 ||| INVOKING Heroism.
 23387 | D:14     | 23387 ||| INVOKING Finesse.
 23403 | D:14     | 23403 ||| Stepping ~*~*~tactically~*~*~ (stealth).
 23518 | D:14     | 23518 ||| INVOKING Heroism.
 23561 | D:14     | 23561 ||| UPGRADING to +0 helmet.
 23571 | D:14     | 23571 ||| DROPPING +1 hat.
 23597 | D:15     | Entered Level 15 of the Dungeon
 23743 | D:15     | 23743 ||| Stepping ~*~*~tactically~*~*~ (hiding).
 23744 | D:15     | 23744 ||| Stepping ~*~*~tactically~*~*~ (hiding).
 23779 | D:15     | 23779 ||| Stepping ~*~*~tactically~*~*~ (hiding).
 24041 | D:15     | Found a staircase to the Depths.
 24042 | D:15     | 24042 ||| INVOKING Heroism.
 24044 | D:15     | 24044 ||| SWAPPING to +6 eveningstar "Kuokkoab" {spect, rC-
                  | Will+ Dex+2}.
 24045 | D:15     | 24045 ||| INVOKING Finesse.
 24046 | D:15     | 24046 ||| Stepping ~*~*~tactically~*~*~ (outnumbered).
 24049 | D:15     | Reached skill level 3 in Dodging
 24049 | D:15     | 24049 ||| SWAPPING to +0 vampiric broad axe.
 24135 | D:15     | 24135 ||| INVOKING Heroism.
 24197 | D:15     | 24197 ||| INVOKING Heroism.
 24236 | D:15     | 24236 ||| READING scroll of enchant weapon.
 24236 | D:15     | 24236 ||| ENCHANTING +0 vampiric broad axe.
 24540 | D:15     | 24540 ||| PLANNING ORC
 24673 | Orc:1    | Entered Level 1 of the Orcish Mines
 24674 | Orc:1    | 24674 ||| INVOKING Heroism.
 24674 | Orc:1    | Noticed Jorgrun
 24675 | Orc:1    | 24675 ||| INVOKING Finesse.
 24712 | Orc:1    | Killed Jorgrun
 24713 | Orc:1    | Reached skill level 15 in Axes
 24916 | Orc:1    | 24916 ||| INVOKING Heroism.
 24924 | Orc:1    | 24924 ||| Stepping ~*~*~tactically~*~*~ (hiding).
 24958 | Orc:1    | 24958 ||| INVOKING Heroism.
 24989 | Orc:1    | 24989 ||| INVOKING Heroism.
 24989 | Orc:1    | HP: 22/94 [orc warrior/+0 war axe (19)]
 24989 | Orc:1    | Slain by an orc knight

Levels and vault maps discovered:
D:1:      nzn_arrival_water_spiral, layout_loops_ring,
          shapermc_ecumenical_altar_petra, minmay_misc_feat_diagonals
D:2:      layout_basic, st_stairs_11, corexii_shack, minmay_misc_feat_square,
          hangedman_feature_mirror
D:3:      layout_loops_ring, ebering_ghost_reflecting_pool
D:4:      layout_basic, mainiacjoe_overflow_alcove_1,
          nicolae_overflow_hidden_temple, nicolae_grassy_gnolls, uniq_duvessa
D:5:      layout_cave_pods, grunt_gozag_breadcrumbs, dk_xom_monty_hall,
          ebering_ghost_sewer_d
D:6:      layout_cave_pools, minmay_temple_entry_fiery, serial_shops,
          nicolae_shop_temple_entry_statues_fountains, grunt_ministairs_14,
          minmay_diced_spiral, uniq_eustachio
D:7:      layout_basic, mainiacjoe_overflow_brackets
D:8:      layout_layer_cave, minivault_19, kb_lookout_dungeons_type,
          kennysheep_minor_cross
D:9:      layout_loops_ring
D:10:     layout_long_grid, lair_entry_dummy, david_orc_4, chequers_big_river,
          kennysheep_potato
D:11:     layout_gridville, enter_trove_1, minmay_circle_x, uniq_erolcha,
          uniq_snorg
D:12:     layout_basic, serial_shops, shop, nicolae_qazlal_general_emergency
D:13:     layout_grid_maze, ximxim_vaults_locker_room,
          gammafunk_ghost_abyssal_escape, uniq_frances, uniq_lodul
D:14:     layout_loops_ring
D:15:     hangedman_depths_entry_try_elsewhere_first, layout_irregular_city,
          minmay_misc_feat_ornament
Temple:   nicolae_temple_slightly_damp_pantheon
Lair:1:   layout_regular_city, gauntlet_entry_generic, wad_woods_river_04,
          st_stairs_8, grunt_megastairs_4, lemuel_fruit_fields,
          infiniplex_staircase_pool, uniq_erica, uniq_joseph
Lair:2:   layout_long_grid, hellmonk_ghost_happy_afterlife,
          chequers_serial_rivers_micro_e, kennysheep_snail_temple,
          serial_bayou_shore_b, grunt_megastairs_5
Lair:3:   layout_chaotic_city, swamp_mist, dummy_spider_entry,
          roderic_carrion_pond
Lair:4:   layout_cave_pods, slime_entry_2
Lair:5:   minmay_lair_end_frog_pond, layout_hall_layers,
          grunt_forest_large_clearing_hut, uniq_nessos, uniq_kirke
Orc:1:    layout_caves, special_room [special_room_orc], uniq_jorgrun

Skill      XL: |  1  2  3  4  5  6  7  8  9 10 11 12 13 14 15 |
---------------+----------------------------------------------+-----
Axes           | 2 3 4 5 6 7 8 9 10 11 12 14 15 | 15.0
Shields        | 4 5 6 7 8 10 12 13 14 15 16 | 16.0
Fighting       | 4 5 6 7 8 9 11 | 11.0
Dodging        | 1 2 3 |  3.0
Throwing       | 1 3 4 5 6 |  6.0
Armour         | 6 7 9 10 | 10.8
Invocations    | 2 4 6 10 | 10.0

Action                   |  1- 3 |  4- 6 |  7- 9 | 10-12 | 13-15 || total
-------------------------+-------+-------+-------+-------+-------++-------
Melee: War axe           |   107 |   144 |   138 |   319 |       ||   708
       Broad axe         |       |       |       |   195 |  1175 ||  1370
       Eveningstar       |       |       |       |       |    22 ||    22
Throw: Boomerang         |       |       |    56 |    47 |    28 ||   131
       Javelin           |       |       |       |    46 |   139 ||   185
Invok: Heroism           |       |       |     1 |    37 |    55 ||    93
       Finesse           |       |       |       |     2 |    11 ||    13
  Use: Scroll            |     3 |     4 |     8 |    10 |     6 ||    31
       Potion            |     1 |     3 |     1 |     1 |     4 ||    10
 Stab: Distracted        |       |     1 |     2 |     1 |       ||     4
Armor: Scale mail        |    56 |    68 |    24 |       |       ||   148
       Chain mail        |       |       |    19 |       |       ||    19
       Plate armour      |       |       |    22 |   219 |   530 ||   771
Dodge: Dodged            |    51 |    50 |    41 |    82 |   239 ||   463
       Repelled          |       |       |       |     3 |     2 ||     5
Block: Buckler           |    29 |    16 |       |       |       ||    45
       Kite shield       |       |    18 |    67 |    42 |       ||   127
       Tower shield      |       |       |       |   337 |  1109 ||  1446

Table legend:
 A = Non-vault XP
 B = Vault XP
 C = Vault XP percentage of total XP
 D = Non-vault monster count
 E = Vault monster count
 F = Vault count percentage of total count
                 A         B        C        D         E       F
            +---------+---------+-------+---------+---------+-------
      Total |   76368 |   45454 |  37.3 |     433 |     171 |  28.3
            +---------+---------+-------+---------+---------+-------
        D:1 |      43 |      14 |  24.6 |      26 |       2 |   7.1
        D:2 |      61 |      59 |  49.2 |      14 |       8 |  36.4
        D:3 |     101 |       0 |   0.0 |      27 |       0 |   0.0
        D:4 |     258 |     265 |  50.7 |      24 |       5 |  17.2
        D:5 |     657 |      82 |  11.1 |      19 |       2 |   9.5
        D:6 |     749 |    1348 |  64.3 |      18 |       9 |  33.3
        D:7 |     387 |       0 |   0.0 |      12 |       0 |   0.0
        D:8 |     581 |     108 |  15.7 |       7 |       1 |  12.5
        D:9 |    3615 |       0 |   0.0 |      39 |       0 |   0.0
       D:10 |    1744 |     792 |  31.2 |      20 |      20 |  50.0
       D:11 |    1667 |    2742 |  62.2 |       7 |       5 |  41.7
       D:12 |    7996 |       0 |   0.0 |      33 |       0 |   0.0
       D:13 |   11383 |    8661 |  43.2 |      26 |      21 |  44.7
       D:14 |    9156 |       0 |   0.0 |      21 |       0 |   0.0
       D:15 |    6975 |    2849 |  29.0 |      23 |       4 |  14.8
     Lair:1 |    2965 |    1568 |  34.6 |      12 |       4 |  25.0
     Lair:2 |    9059 |    2193 |  19.5 |      33 |       5 |  13.2
     Lair:3 |    5568 |     601 |   9.7 |      22 |       7 |  24.1
     Lair:4 |    4670 |    7255 |  60.8 |      17 |      26 |  60.5
     Lair:5 |    7924 |    7122 |  47.3 |      23 |      21 |  47.7
      Orc:1 |     809 |    6528 |  89.0 |      10 |      19 |  65.5
   Gauntlet |       0 |    3267 | 100.0 |       0 |      12 | 100.0
            +---------+---------+-------+---------+---------+-------
